 Dungeon Crawl Stone Soup version 0.29.1-15-g9cfb28693d (webtiles) character file.

Game seed: 10564082926937910966

68 kingofthe the Conjurer (level 4, -2/24 HPs)
             Began as a Deep Elf Conjurer on Mar 5, 2023.
             Killed from afar by Sigmund (6 damage)
             ... with a magic dart
             ... on level 2 of the Dungeon.
             The game lasted 00:02:35 (1260 turns).

kingofthe the Conjurer (Deep Elf Conjurer)          Turns: 1260, Time: 00:02:36

Health: -2/24      AC:  2    Str:  4    XL:     4   Next: 1%
Magic:  4/12       EV: 13    Int: 23    God:
Gold:   77         SH:  0    Dex: 15    Spells: 8/11 levels left

rFire   . . .      SeeInvis .   (no weapon)
rCold   . . .      Faith    .   (no shield)
rNeg    . . .      Spirit   .   a - +0 robe
rPois   .          Reflect  .   (no helmet)
rElec   .          Harm     .   (no cloak)
rCorr   .          Rampage  .   (no gloves)
Will    .....                   (no boots)
Stlth   ++........              (no amulet)
HPRegen 0.08/turn               (no ring)
MPRegen 0.13/turn               (no ring)

@: no status effects
A: no striking features
a: no special abilities


You were on level 2 of the Dungeon.
You visited 1 branch of the dungeon, and saw 2 of its levels.

You collected 77 gold pieces.


   Skills:
 * Level 3.4 Dodging
 + Level 2.9 Stealth
 * Level 4.0 Spellcasting
 * Level 5.0 Conjurations


You had 8 spell levels left.
You knew the following spells:

 Your Spells              Type           Power      Damage    Failure   Level
a - Magic Dart            Conj           100%       1d8       1%          1
b - Searing Ray           Conj           54%        2d6       1%          2

Your spell library contained the following spells:

 Spells                   Type           Power      Damage    Failure   Level
 Static Discharge         Conj/Air       16%        3-5/arc   5%          2
 Dazzling Flash           Conj/Hex       32%        N/A       11%         3
 Fulminant Prism          Conj/Hex       8%         3d7       36%         4
 Iskenderun's Mystic Bla  Conj/Tloc      16%        2d5       36%         4
 Sticky Flame             Conj/Fire      16%        2d4       36%         4
 Dispel Undead            Necr           4%         3d7       71%         4

Inventory:

Armour
 a - a +0 robe (worn)
Wands
 h - a wand of mindburst (20)
Scrolls
 d - a scroll of vulnerability {unknown}
 e - 2 scrolls of teleportation {unknown}
 g - 2 scrolls of identify {unknown}
 i - 2 scrolls of enchant weapon {unknown}
 j - 2 scrolls of fear {unknown}
Potions
 b - a potion of magic
 c - 4 potions of heal wounds {@q2}
 f - a potion of attraction {unknown}
 k - 2 potions of resistance {unknown}
 l - a potion of curing {unknown}

Dungeon Overview and Level Annotations

Branches:
Dungeon (2/15)

Altars:

Annotations:
D:2 Sigmund

#...#######
#.......#
#...###.#
#.....#.#
#...#.#.#
##.##.#.#
#...>..######
####........#
.........###@#
#...#.##.# #.#
#......##.# #@#
#......##........#
#.....###........#
##...# #...###..#
.... .....# ..#
####.. ..# #. .#


You could see Sigmund.


Message History

Sigmund hits you from afar with a +0 scythe!
Casting: Searing Ray (safe; 1% risk of failure)
Confirm with . or Enter, or press ? or * to list all spells.
Aiming: Searing Ray (safe; 1% risk of failure)
Press: ? - help, Shift-Dir - straight line, f/p - Sigmund
Aim: Sigmund, wielding a +0 scythe and wearing a +0 robe (severely wounded, 77% to hit)
The searing ray hits Sigmund.
Sigmund is almost dead. (Press . to maintain the ray.) Sigmund gestures at you while chanting.
You are confused.
You bump into the rock wall.
Sigmund gestures at you while chanting. You resist with some effort.
You bump into the rock wall.
Sigmund closely misses you.
You feel less confused. Sigmund gestures at you while chanting.
The puff of flame hits you!
* * * LOW HITPOINT WARNING * * *
Casting: Searing Ray (safe; 1% risk of failure)
Confirm with . or Enter, or press ? or * to list all spells.
Aiming: Searing Ray (safe; 1% risk of failure)
Press: ? - help, Shift-Dir - straight line, f/p - Sigmund
Aim: Sigmund, wielding a +0 scythe and wearing a +0 robe (almost dead, 77% to hit)
The searing ray hits Sigmund.
Sigmund is almost dead. (Press . to maintain the ray.) Sigmund points at you and mumbles some strange words.
The magic dart hits you.
You die...

Skill      XL: |  1  2  3 |
---------------+----------+-----
Dodging        | 3 |  3.4
Spellcasting   | 4 |  4.0
Conjurations   | 5 |  5.0
Stealth        | |  2.9

Action                   |  1- 3 |  4- 6 || total
-------------------------+-------+-------++-------
 Cast: Magic Dart        |    51 |     1 ||    52
       Searing Ray       |     3 |     3 ||     6
Armor: Robe              |     3 |       ||     3
Dodge: Dodged            |     8 |     1 ||     9

Levels and vault maps discovered:
D:1:      dpeg_arrival_arbitrary_b, layout_rooms,
          hellmonk_ecumenical_altar_lost_god
D:2:      layout_loops_cross, basic_altar, uniq_sigmund, uniq_jessica,
          uniq_terence

Notes
Turn   | Place    | Note
-------+----------+-------------------------------------------
     0 | D:1      | kingofthe the Deep Elf Conjurer began the quest for the
                  | Orb.
     0 | D:1      | Reached XP level 1. HP: 10/10 MP: 6/6
   414 | D:1      | Found a faded altar of an unknown god.
   418 | D:1      | Reached XP level 2. HP: 15/15 MP: 4/8
   456 | D:1      | Learned a level 2 spell: Searing Ray
   733 | D:1      | Reached skill level 3 in Dodging
   859 | D:1      | Reached XP level 3. HP: 19/19 MP: 7/10
   980 | D:2      | Noticed Jessica
   983 | D:2      | Killed Jessica
  1105 | D:2      | Reached skill level 4 in Spellcasting
  1105 | D:2      | Reached skill level 5 in Conjurations
  1180 | D:2      | Reached XP level 4. HP: 23/24 MP: 7/12
  1247 | D:2      | Noticed Sigmund
  1260 | D:2      | Killed from afar by Sigmund

Vanquished Creatures
  Jessica (D:2)
  A worm (D:2)
  2 dart slugs (D:1)
  2 bats (D:2)
  3 endoplasms
  A giant cockroach (D:1)
  3 goblins (D:1)
  2 hobgoblins (D:1)
  6 jackals
  5 kobolds
  A ball python (D:2)
  2 frilled lizards (D:1)
  A rat (D:1)
30 creatures vanquished.

Table legend: (Time is in decaauts)
 A = Elapsed time spent in this place.
 B = Non-inter-level travel time spent in this place.
 C = Inter-level travel time spent in this place.
 D = Time resting spent in this place.
 E = Time spent auto-exploring this place.
 F = Levels seen in this place.
 G = Mean time per level.
                   A        B        C        D        E       F      G
               +--------+--------+--------+--------+--------+-----+--------+
         Total |   1259 |   1249 |     10 |    340 |    768 |   2 |  629.5 |
       Dungeon |   1259 |   1249 |     10 |    340 |    768 |   2 |  629.5 |
               +--------+--------+--------+--------+--------+-----+--------+

Top non-repeatable levels by time:
     D:1: 980 daAuts
     D:2: 279 daAuts

Table legend:
 A = Non-vault XP
 B = Vault XP
 C = Vault XP percentage of total XP
 D = Non-vault monster count
 E = Vault monster count
 F = Vault count percentage of total count
                 A         B        C        D         E       F
            +---------+---------+-------+---------+---------+-------
      Total |      61 |      37 |  37.8 |      29 |       1 |   3.3
            +---------+---------+-------+---------+---------+-------
        D:1 |      41 |       0 |   0.0 |      20 |       0 |   0.0
        D:2 |      20 |      37 |  64.9 |       9 |       1 |  10.0
            +---------+---------+-------+---------+---------+-------
